 Dungeon Crawl Stone Soup version 0.28-a0-751-gef3a642a4e (webtiles) character file.

Game seed: 9448152024556738943

17966 RepHenryClay the Cleaver (level 12, -7/81 HPs)
             Began as a Demonspawn Berserker on Oct 30, 2021.
             Was an Elder of Trog.
             Mangled by a phantasmal warrior (20 damage)
             ... led by a death knight
             ... on level 12 of the Dungeon.
             The game lasted 00:21:13 (16700 turns).

RepHenryClay the Cleaver (Demonspawn Berserker)    Turns: 16700, Time: 00:21:13

Health: -7/81      AC: 22    Str: 27    XL:     12   Next: 23%
Magic:  12/12      EV: 10    Int: 17    God:    Trog [****..]
Gold:   572        SH:  0    Dex: 19    Spells: 11/11 levels left

rFire   . . .      SeeInvis +   a - +1 war axe (drain)
rCold   . . .      Faith    .   (no shield)
rNeg    . . .      Spirit   .   E - +4 chain mail of Polish {Fly Int+7 Slay-2}
rPois   .          Reflect  .   (helmet unavailable)
rElec   .          Harm     .   F - +1 cloak
rCorr   .          Rampage  .   M - +0 pair of gloves
Will    +....                   (no boots)
Stlth   ..........              (no amulet)
HPRegen 1.23/turn               g - +6 ring of dexterity
MPRegen 0.13/turn               i - +6 ring of strength

@: weak-willed, strong-willed, on berserk cooldown, flying, regenerating
A: antennae 3, icy blue scales 1, ignite blood 1, demonic magic 1
a: Renounce Religion, Berserk, Trog's Hand, Brothers in Arms


You were on level 12 of the Dungeon.
You worshipped Trog.
Trog was greatly pleased with you.
You visited 1 branch of the dungeon, and saw 12 of its levels.

You collected 572 gold pieces.

Inventory:

Hand Weapons
 a - a +1 war axe of draining (weapon)
 r - a +1 broad axe
 t - a +0 mace of protection
 B - a +2 whip of freezing
 I - a +0 trident of venom
 K - a +0 hand axe
Missiles
 A - 4 throwing nets (quivered)
Armour
 e - a +0 scale mail
 y - the +0 ring mail of the Planets {Rampage rN+}
   (You found it on level 4 of the Dungeon)

   rN:        It protects you from negative energy.
   Rampage:   It bestows one free step when moving towards enemies.
 E - the +4 chain mail of Polish (worn) {Fly Int+7 Slay-2}
   (You took it off an orc on level 7 of the Dungeon)

   Int:       It affects your intelligence (+7).
   Slay:      It affects your accuracy & damage with ranged weapons and melee
   (-2).
   Fly:       It grants you flight.
 F - a +1 cloak (worn)
 M - a +0 pair of gloves (worn)
 N - the +0 plate armour of Greed {*Slow rF+ Str+2}
   (You found it on level 10 of the Dungeon)

   Str:       It affects your strength (+2).
   rF:        It protects you from fire.
   *Slow:     It may slow you when you take damage.
Jewellery
 g - a +6 ring of dexterity (left hand)
 i - a +6 ring of strength (right hand)
 n - a ring of willpower
 x - a ring of willpower
 D - a ring of poison resistance
 R - a ring of resist corrosion
Wands
 p - a wand of flame (15)
 z - a wand of polymorph (6)
 G - a wand of iceblast (25)
 H - a wand of mindburst (24)
 L - a wand of paralysis (16)
 O - a wand of digging (4)
Scrolls
 c - 2 scrolls of enchant armour
 k - 2 scrolls of holy word
 m - a scroll of brand weapon
 q - a scroll of immolation
 s - 4 scrolls of teleportation
 C - a scroll of identify {@r1}
 J - a scroll of enchant weapon
 P - a scroll of vulnerability
 Q - a scroll of magic mapping
Potions
 d - 2 potions of flight
 f - a potion of magic {unknown}
 j - 2 potions of degeneration {unknown}
 l - 2 potions of might
 o - 2 potions of curing
 u - 2 potions of attraction
 v - 2 potions of haste
 w - 2 potions of invisibility
 S - a potion of ambrosia {unknown}
 T - a potion of lignification {unknown}


   Skills:
 - Level 3.0 Fighting
 * Level 14.8 Axes
 + Level 11.6 Armour
 - Level 1.7 Dodging


You had 11 spell levels left.
You didn't know any spells.
Your spell library was empty.

Dungeon Overview and Level Annotations

Branches:
Dungeon (12/15)            Temple (0/1) D:5            Lair (0/6) D:8
    Orc (0/2) D:12

Altars:
Dithmenos
Makhleb
Okawaru
Ru
Trog
Vehumet
Wu Jian
Xom

Annotations:
D:7 2 transporters, Maimakterion's ghost, novice OgBe


Innate Abilities, Weirdness & Mutations

You have a pair of large antennae on your head. (SInv)
You are partially covered in icy blue scales. (AC +2)
Your demonic aura sometimes causes spilled blood to erupt in flames.
Spells you cast may paralyse adjacent enemies.


Message History

The komodo dragon barely misses you. The skeletal warrior barely misses you.
The phantasmal warrior hits you!
Your willpower is stripped away!
The komodo dragon bites you.
* * * LOW HITPOINT WARNING * * *
Huge Dmg: -15%(-12hp) hp: 40%(32hp)
You feel yourself speed up.
The skeletal warrior throws a javelin.
The javelin pierces through you but does no damage.
The phantasmal warrior hits you!
* * * LOW HITPOINT WARNING * * *
A basilisk comes into view.
Huge Dmg: -16%(-13hp) hp: 24%(19hp)
Okay, then.
As you read the scroll of fear, it crumbles to dust.
You assume a fearsome visage.
The basilisk looks frightened!
The basilisk hisses angrily.
The komodo dragon looks frightened!
The death knight looks frightened!
The skeletal warrior is unaffected.
The phantasmal warrior is unaffected.
The freezing wraith is unaffected.
The phantasmal warrior closely misses you.
You feel much better. The freezing wraith hits you!
* * * LOW HITPOINT WARNING * * *
The freezing wraith freezes you!
* * * LOW HITPOINT WARNING * * *
The freezing wraith hits you but does no damage.
The phantasmal warrior misses you.
Huge Dmg: -10%(-8hp) hp: 15%(12hp) Unknown command.
Unknown command.
Okay, then.
Unknown command.
Okay, then.
Okay, then.
Aiming: Dig
Press: ? - help, Shift-Dir - straight line, f - you Please select a direction to dig.
There is a cloud of flame here.
The rock shatters into small pieces.
The freezing wraith barely misses you. The freezing wraith misses you.
The phantasmal warrior hits you!!
You die...

........# .......#
........# .......<
........# ........
#....#..# {.......
#......# #.......
#..l..p# #...... #......#
#...<
#....zW#################
###.##@W..............<.
##.#.####)...........).
.......................
#..####.........#.....
#.#..##.†..............
#.###..#........##..#(##
#.#....................##
.#..#............#####.#
....#.######...# ####


You could see a death knight (reflects damage, fleeing), a skeletal warrior, a
phantasmal warrior, a komodo dragon (fleeing, drained) and a freezing wraith.

Vanquished Creatures
  Erolcha (D:10)
  An ogre mage (D:12)
  A centaur warrior (D:11)
  6 two-headed ogres
  Pikel (D:8)
  An ugly thing (D:11)
  A cyclops (D:11)
  A manticore (D:12)
  A troll (D:8)
  A hornet (D:9)
  8 slime creatures
  2 vampires
  A wyvern (D:9)
  15 yaks
  Sigmund (D:5)
  A shadow (D:12)
  A steam dragon (D:9)
  12 vampire mosquitoes
  An acid dragon (D:10)
  2 water moccasins
  A sky beast (D:5)
  A hornet zombie (D:8)
  An ice beast (D:5)
  4 orc warriors
  A necrophage (D:7)
  4 ogres
  8 centaurs
  4 wolves
  2 lemures
  3 bullfrogs
  A kobold brigand (D:10)
  2 gnoll sergeants (D:7)
  A scorpion (D:4)
  A water moccasin zombie (D:6)
  3 howler monkeys
  An electric eel (D:8)
  2 centaur zombies
  9 hounds
  8 orc priests
  A gnoll shaman (D:6)
  2 centaur skeletons
  An iguana (D:5)
  10 orc wizards
  A killer bee zombie (D:5)
  A hound zombie (D:5)
  Robin (D:2)
  2 howler monkey zombies (D:8)
  12 gnolls
  A howler monkey skeleton (D:5)
  4 adders
  A river rat (D:8)
  2 shadow imps (D:6)
  A white imp (D:5)
  An ufetubus (D:7)
  3 worms (D:2)
  4 dart slugs
  25 orcs
  5 ball pythons
  9 bats
  8 endoplasms
  4 giant cockroaches
  14 goblins
  14 hobgoblins
  11 kobolds
  2 quokkas
  4 frilled lizards
  3 rats (D:1)
263 creatures vanquished.

Vanquished Creatures (others)
  An orc (D:8)
1 creature vanquished.

Grand Total: 264 creatures vanquished

Notes
Turn   | Place    | Note
-------+----------+-------------------------------------------
     0 | D:1      | RepHenryClay the Demonspawn Berserker began the quest for
                  | the Orb.
     0 | D:1      | Reached XP level 1. HP: 18/18 MP: 1/1
    85 | D:1      | Reached skill level 3 in Axes
   184 | D:1      | Gained mutation: You are partially covered in icy blue
                  | scales. (AC +2) [demonic ancestry]
   184 | D:1      | Reached XP level 2. HP: 16/24 MP: 2/2
   880 | D:1      | Gained mutation: Spells you cast may paralyse adjacent
                  | enemies. [demonic ancestry]
   880 | D:1      | Reached XP level 3. HP: 28/29 MP: 3/3
  1218 | D:2      | Found a faded altar of an unknown god.
  1220 | D:2      | Reached ** piety under Trog
  1226 | D:2      | Reached skill level 4 in Axes
  1556 | D:2      | Found an iron altar of Okawaru.
  1836 | D:2      | Noticed Robin
  1844 | D:2      | Killed Robin
  1845 | D:2      | Gained mutation: You have a pair of small antennae on your
                  | head. [demonic ancestry]
  1845 | D:2      | Reached XP level 4. HP: 35/35 MP: 4/4
  2553 | D:3      | Reached skill level 5 in Axes
  2578 | D:3      | Gained mutation: You have a pair of antennae on your head.
                  | [demonic ancestry]
  2578 | D:3      | Reached XP level 5. HP: 41/41 MP: 5/5
  2993 | D:4      | Reached skill level 6 in Axes
  3076 | D:4      | Reached *** piety under Trog
  3309 | D:4      | Noticed a water moccasin
  3315 | D:4      | Killed a water moccasin
  3316 | D:4      | Reached XP level 6. HP: 47/47 MP: 6/6
  3547 | D:4      | Reached skill level 7 in Axes
  3707 | D:4      | Found a burning altar of Makhleb.
  3735 | D:4      | Identified the +0 ring mail of the Planets {Rampage rN+}
  3813 | D:5      | Entered Level 5 of the Dungeon
  3834 | D:5      | Reached XP level 7. HP: 52/52 MP: 7/7
  3955 | D:5      | Found a staircase to the Ecumenical Temple.
  4057 | D:5      | Reached skill level 8 in Axes
  4237 | D:5      | Noticed Sigmund
  4253 | D:5      | Killed Sigmund
  4466 | D:5      | Reached skill level 9 in Axes
  4466 | D:5      | Reached XP level 8. HP: 29/58 MP: 8/8
  4769 | D:5      | Found a sacrificial altar of Ru.
  5912 | D:6      | Reached skill level 10 in Axes
  6988 | D:7      | Noticed a moth of wrath
  6990 | D:7      | Noticed Maimakterion's ghost (novice OgBe)
  6992 | D:7      | Found a bloodstained altar of Trog.
  7061 | D:7      | Found a transporter.
  7061 | D:7      | Found a transporter.
  7294 | D:7      | Identified the +4 chain mail of Polish {Fly Int+7 Slay-2}
  7466 | D:7      | Gained mutation: You have a pair of large antennae on your
                  | head. (SInv) [demonic ancestry]
  7466 | D:7      | Reached XP level 9. HP: 63/63 MP: 9/9
  7467 | D:7      | Reached **** piety under Trog
  7859 | D:8      | Reached skill level 5 in Armour
  9741 | D:8      | Reached XP level 10. HP: 53/70 MP: 10/10
 10322 | D:8      | Found a staircase to the Lair.
 10624 | D:8      | Found an iron altar of Okawaru.
 10624 | D:8      | Found a radiant altar of Vehumet.
 10860 | D:9      | Noticed Pikel
 10860 | D:9      | Noticed a two-headed ogre
 10886 | D:8      | Killed Pikel
 10887 | D:8      | Reached skill level 11 in Axes
 11574 | D:9      | Killed a two-headed ogre
 11678 | D:9      | Reached skill level 12 in Axes
 11754 | D:9      | Noticed a two-headed ogre
 12077 | D:9      | Killed a two-headed ogre
 12078 | D:9      | Reached skill level 10 in Armour
 12287 | D:9      | Reached XP level 11. HP: 61/75 MP: 11/11
 12289 | D:9      | Reached ***** piety under Trog
 12855 | D:10     | Entered Level 10 of the Dungeon
 12893 | D:10     | Noticed a two-headed ogre
 12904 | D:10     | Killed a two-headed ogre
 12998 | D:10     | Identified the +0 plate armour of Greed {*Slow rF+ Str+2}
 13015 | D:10     | Found a bloodstained altar of Trog.
 13039 | D:10     | Noticed a two-headed ogre
 13060 | D:10     | Killed a two-headed ogre
 13109 | D:10     | Noticed Erolcha
 13122 | D:10     | Killed Erolcha
 13123 | D:10     | Reached skill level 13 in Axes
 13395 | D:10     | Found a shadowy altar of Dithmenos.
 14034 | D:11     | Noticed a two-headed ogre
 14049 | D:11     | Killed a two-headed ogre
 15284 | D:11     | Noticed a centaur warrior
 15296 | D:11     | Killed a centaur warrior
 15305 | D:11     | Reached skill level 14 in Axes
 15542 | D:11     | Found a shimmering altar of Xom.
 15607 | D:12     | Noticed an ogre mage
 15607 | D:12     | Noticed a brown ugly thing
 15626 | D:11     | Killed a brown ugly thing
 15806 | D:12     | Noticed a death knight
 15806 | D:12     | Noticed a skeletal warrior
 15806 | D:12     | Noticed a phantasmal warrior
 16076 | D:12     | Noticed a two-headed ogre
 16084 | D:12     | Killed a two-headed ogre
 16085 | D:12     | Gained mutation: Your demonic aura sometimes causes spilled
                  | blood to erupt in flames. [demonic ancestry]
 16085 | D:12     | Reached XP level 12. HP: 81/81 MP: 12/12
 16157 | D:12     | Found a staircase to the Orcish Mines.
 16395 | D:12     | Found an ornate altar of the Wu Jian Council.
 16661 | D:12     | Killed an ogre mage
 16700 | D:12     | Mangled by a phantasmal warrior

Illustrated notes

Levels and vault maps discovered:
D:1:      heliophobic_arrival_enchanted_forest, layout_loops_ring,
          minmay_misc_feat_square
D:2:      layout_loops_ring, basic_altar, basic_ecumenical_altar, uniq_robin
D:3:      layout_basic
D:4:      layout_loops_cross, mainiacjoe_overflow_paths
D:5:      layout_layer_cave, overflow_temple_1_default,
          minmay_temple_entry_antechambers, minmay_misc_feat_alley, uniq_sigmund
D:6:      layout_basic
D:7:      layout_loops_ring, gammafunk_ghost_wrathful_warriors
D:8:      layout_basic, gammafunk_temple_overflow_elements, erik_lair_island
D:9:      layout_small_grid, minmay_misc_feat_pillars, minmay_starry_boxes,
          uniq_pikel
D:10:     layout_gridville, mainiacjoe_overflow_boulevard, kennysheep_mini,
          uniq_erolcha
D:11:     layout_loops_ring, tgw_xom
D:12:     minmay_s_stair_smasher, layout_rooms, orc_0_dummy,
          pdpol_wu_jian_five_deadly_venoms

Skill      XL: |  1  2  3  4  5  6  7  8  9 10 11 |
---------------+----------------------------------+-----
Axes           | 3 4 5 6 7 9 10 12 14 | 14.8
Armour         | 4 8 10 11 | 11.6
Fighting       | |  3.0
Dodging        | |  1.7

Action                   |  1- 3 |  4- 6 |  7- 9 | 10-12 || total
-------------------------+-------+-------+-------+-------++-------
Melee: Hand axe          |   114 |    91 |       |       ||   205
       Mace              |       |    80 |   427 |       ||   507
       Broad axe         |       |       |    60 |   165 ||   225
       War axe           |       |       |       |   242 ||   242
Invok: Berserk           |     1 |     3 |    11 |    15 ||    30
       Trog's Hand       |       |     1 |     1 |     7 ||     9
Evoke: Wand              |       |       |       |     7 ||     7
  Use: Scroll            |       |       |    15 |     7 ||    22
       Potion            |       |       |       |     2 ||     2
 Stab: Distracted        |       |     1 |       |       ||     1
Armor: Animal skin       |    14 |       |       |       ||    14
       Ring mail         |    26 |    77 |   112 |       ||   215
       Scale mail        |       |       |    36 |       ||    36
       Chain mail        |       |       |   172 |   330 ||   502
Dodge: Dodged            |    80 |    89 |   269 |   234 ||   672

Table legend: (Time is in decaauts)
 A = Elapsed time spent in this place.
 B = Non-inter-level travel time spent in this place.
 C = Inter-level travel time spent in this place.
 D = Time resting spent in this place.
 E = Time spent auto-exploring this place.
 F = Levels seen in this place.
 G = Mean time per level.
                   A        B        C        D        E       F      G
               +--------+--------+--------+--------+--------+-----+--------+
         Total |  17016 |  16190 |    826 |   2869 |  10713 |  12 | 1418.0 |
       Dungeon |  17016 |  16190 |    826 |   2869 |  10713 |  12 | 1418.0 |
               +--------+--------+--------+--------+--------+-----+--------+

Top non-repeatable levels by time:
     D:7: 2786 daAuts
     D:8: 2606 daAuts
    D:11: 2116 daAuts
     D:5: 1531 daAuts
     D:2: 1335 daAuts
     D:9: 1186 daAuts
     D:6: 1171 daAuts
     D:1: 1158 daAuts
    D:10: 1064 daAuts
     D:4: 998 daAuts
    D:12: 571 daAuts
     D:3: 488 daAuts
